| TOP OF THE 1ST |
|
Baltimore Orioles batting - Pitching for Houston Astros : LHP Brian Thomas
|
|
Pitching: LHP Brian Thomas
|
|
|
Batting: RHB Blake Ballard
|
0-0: Ground out 5-3 (Groundball, 56, EV 82.5 MPH)
|
|
Batting: LHB Bob Melley
|
0-0: Called Strike 0-1: Foul Ball, location: 2F 0-2: Hit by Pitch
|
|
Pinch Runner at 1st Gabe Pace:
|
|
|
Batting: RHB Rudo Garciaparra
|
0-0: Ball 1-0: Called Strike 1-1: Called Strike 1-2: Strikes out swinging
|
|
Batting: RHB Saimei Kudo
|
0-0: Ball 1-0: Ball 2-0: Swinging Strike 2-1: Foul Ball, location: 2F 2-2: Foul Ball, location: 2F 2-2: Ground out 5-3 (Groundball, 56S, EV 89.4 MPH)
|
| Top of the 1st over - 0 runs, 0 hits, 0 errors, 1 left on base; Baltimore 0 - Houston 0 |
| BOTTOM OF THE 1ST |
|
Houston Astros batting - Pitching for Baltimore Orioles : RHP Errol Dondale
|
|
Pitching: RHP Errol Dondale
|
|
|
Now in RF: Gabe Pace
|
|
|
Batting: RHB Matt Thompson
|
0-0: Ball 1-0: Ball 2-0: Ball 3-0: Called Strike 3-1: Called Strike 3-2: Foul Ball, location: 2F 3-2: Foul Ball, location: 2F 3-2: Base on Balls
|
|
Batting: LHB Bryce Hill
|
0-0: Foul Ball, location: 2F 0-1: Ball 1-1: Called Strike 1-2: Foul Ball, location: 2F 1-2: Grounds into double play, 4-6-3 (Groundball, 4, EV 86.2 MPH)
|
|
Batting: RHB Chris Lane
|
0-0: Called Strike 0-1: Ball 1-1: Ball 2-1: Called Strike 2-2: Ball 3-2: Base on Balls
|
|
Batting: SHB Joe Gardner
|
0-0: Called Strike 0-1: Ball 1-1: Ball 2-1: SINGLE (Line Drive, 7LS, EV 108.1 MPH) Chris Lane to second
|
|
Batting: LHB Zack Berney
|
0-0: Fly out, F8 (Flyball, 8LXD, EV 109.4 MPH)
|
| Bottom of the 1st over - 0 runs, 1 hit, 0 errors, 2 left on base; Baltimore 0 - Houston 0 |
| TOP OF THE 2ND |
|
Baltimore Orioles batting - Pitching for Houston Astros : LHP Brian Thomas
|
|
Batting: RHB Marc Peckermark
|
0-0: SINGLE (Groundball, 3D, EV 101.2 MPH)
|
|
Batting: RHB Muneer Maudad
|
0-0: Called Strike 0-1: Foul Ball, location: 2F 0-2: Strikes out swinging
|
|
Batting: LHB Paul Diaz
|
0-0: Ball Marc Peckermark steals 2nd base 1-0: Ground out 3-1 (Groundball, 34, EV 79.4 MPH) Marc Peckermark to third
|
|
Batting: RHB Jesse Basich
|
0-0: Ground out 6-3 (Groundball, 6, EV 86.2 MPH)
|
| Top of the 2nd over - 0 runs, 1 hit, 0 errors, 1 left on base; Baltimore 0 - Houston 0 |
| BOTTOM OF THE 2ND |
|
Houston Astros batting - Pitching for Baltimore Orioles : RHP Errol Dondale
|
|
Batting: RHB Jeremy Trump
|
0-0: Called Strike 0-1: Called Strike 0-2: Ball 1-2: Strikes out swinging
|
|
Batting: RHB Antonio Aranda
|
0-0: Ball 1-0: Ball 2-0: Foul Ball, location: 2F 2-1: Foul Ball, location: 2F 2-2: Fly out, F8 (Flyball, 8RXD, EV 105.0 MPH)
|
|
Batting: RHB Chang-wei Jiang
|
0-0: Foul Ball, location: 2F 0-1: Swinging Strike 0-2: Ball 1-2: Ball 2-2: Strikes out swinging
|
| Bottom of the 2nd over - 0 runs, 0 hits, 0 errors, 0 left on base; Baltimore 0 - Houston 0 |
| TOP OF THE 3RD |
|
Baltimore Orioles batting - Pitching for Houston Astros : LHP Brian Thomas
|
|
Batting: RHB Kory Sanchez
|
0-0: Called Strike 0-1: Ball 1-1: Ground out 5-3 (Groundball, 5S, EV 86.2 MPH)
|
|
Batting: RHB Blake Ballard
|
0-0: Foul Ball, location: 2F 0-1: Foul Ball, location: 2F 0-2: Ball 1-2: Ball 2-2: Ground out 6-3 (Groundball, 6, EV 109.4 MPH)
|
|
Batting: LHB Gabe Pace
|
0-0: Ball 1-0: Called Strike 1-1: Ball 2-1: Foul Ball, location: 2F 2-2: Strikes out swinging
|
| Top of the 3rd over - 0 runs, 0 hits, 0 errors, 0 left on base; Baltimore 0 - Houston 0 |
| BOTTOM OF THE 3RD |
|
Houston Astros batting - Pitching for Baltimore Orioles : RHP Errol Dondale
|
|
Batting: SHB Troy Kenyon
|
0-0: Ball 1-0: Called Strike 1-1: Foul Ball, location: 2F 1-2: Ball 2-2: Ball 3-2: Fly out, F8 (Flyball, 8RM, EV 90.6 MPH)
|
|
Batting: RHB Matt Thompson
|
0-0: Ball 1-0: Swinging Strike 1-1: Ball 2-1: Ball 3-1: Swinging Strike 3-2: Foul Ball, location: 2F 3-2: Foul Ball, location: 2F 3-2: SOLO HOME RUN (Line Drive, 9LD, EV 95.6 MPH), Distance : 349 ft
|
|
Batting: LHB Bryce Hill
|
0-0: SINGLE (Groundball, 15S, EV 74.4 MPH) (infield hit)
|
|
Batting: RHB Chris Lane
|
0-0: Ball 1-0: Ball 2-0: Foul Ball, location: 2F 2-1: Called Strike 2-2: Strikes out swinging
|
|
Batting: SHB Joe Gardner
|
0-0: Called Strike 0-1: Ball 1-1: Foul Ball, location: 2F 1-2: Strikes out swinging
|
| Bottom of the 3rd over - 1 run, 2 hits, 0 errors, 1 left on base; Baltimore 0 - Houston 1 |
| TOP OF THE 4TH |
|
Baltimore Orioles batting - Pitching for Houston Astros : LHP Brian Thomas
|
|
Batting: RHB Rudo Garciaparra
|
0-0: Called Strike 0-1: TRIPLE (Line Drive, 9LD, EV 108.1 MPH)
|
|
Batting: RHB Saimei Kudo
|
0-0: Ball 1-0: Foul Ball, location: 2F 1-1: SINGLE (Line Drive, 8LS, EV 106.2 MPH) Rudo Garciaparra scores
|
|
Batting: RHB Marc Peckermark
|
0-0: Ball 1-0: Called Strike 1-1: Ball 2-1: Ball 3-1: Called Strike 3-2: Foul Ball, location: 2F 3-2: Base on Balls Saimei Kudo to second
|
|
Batting: RHB Muneer Maudad
|
0-0: Called Strike 0-1: Swinging Strike 0-2: Strikes out swinging
|
|
Batting: LHB Paul Diaz
|
0-0: Ball 1-0: Swinging Strike 1-1: Ball 2-1: Swinging Strike 2-2: Ball 3-2: Foul Ball, location: 2F 3-2: Strikes out swinging
|
|
Batting: RHB Jesse Basich
|
0-0: Called Strike 0-1: Called Strike 0-2: Fielders Choice at 2nd, 5-4 (Groundball, 5, EV 85.6 MPH)
|
| Top of the 4th over - 1 run, 2 hits, 0 errors, 2 left on base; Baltimore 1 - Houston 1 |
| BOTTOM OF THE 4TH |
|
Houston Astros batting - Pitching for Baltimore Orioles : RHP Errol Dondale
|
|
Batting: LHB Zack Berney
|
0-0: Called Strike 0-1: Ball 1-1: Foul Ball, location: 2F 1-2: Ball 2-2: Foul Ball, location: 2F 2-2: Strikes out swinging
|
|
Batting: RHB Jeremy Trump
|
0-0: Swinging Strike 0-1: Called Strike 0-2: Ball 1-2: Foul Ball, location: 2F 1-2: Foul Ball, location: 2F 1-2: Strikes out swinging, 2-3 out at first.
|
|
Batting: RHB Antonio Aranda
|
0-0: Called Strike 0-1: Ball 1-1: Foul Ball, location: 2F 1-2: Hit by Pitch
|
|
Batting: RHB Chang-wei Jiang
|
0-0: Ball 1-0: Called Strike 1-1: Ball 2-1: DOUBLE (Line Drive, 5D, EV 94.4 MPH) Antonio Aranda to third Runner from 3rd tries for Home, SAFE, throw by LF to home
|
|
Pitching: RHP Jay Rapini
|
|
|
Batting: SHB Troy Kenyon
|
0-0: Called Strike 0-1: Ball 1-1: Ball 2-1: Ball 3-1: Ground out 4-3 (Groundball, 4, EV 86.2 MPH)
|
| Bottom of the 4th over - 1 run, 1 hit, 0 errors, 1 left on base; Baltimore 1 - Houston 2 |
| TOP OF THE 5TH |
|
Baltimore Orioles batting - Pitching for Houston Astros : LHP Brian Thomas
|
|
Batting: RHB Kory Sanchez
|
0-0: Called Strike 0-1: SINGLE (Groundball, 56S, EV 74.4 MPH) (infield hit)
|
|
Batting: RHB Blake Ballard
|
0-0: Called Strike 0-1: Swinging Strike 0-2: Strikes out swinging
|
|
Batting: LHB Gabe Pace
|
0-0: Ball 1-0: Ground out 5-3 (Groundball, 5, EV 88.8 MPH) Kory Sanchez to second
|
|
Batting: RHB Rudo Garciaparra
|
0-0: Ball 1-0: Foul Ball, location: 2F 1-1: Ball 2-1: Foul Ball, location: 2F 2-2: Ground out 5-3 (Groundball, 5S, EV 70.6 MPH)
|
| Top of the 5th over - 0 runs, 1 hit, 0 errors, 1 left on base; Baltimore 1 - Houston 2 |
| BOTTOM OF THE 5TH |
|
Houston Astros batting - Pitching for Baltimore Orioles : RHP Jay Rapini
|
|
Batting: RHB Matt Thompson
|
0-0: Ground out 1-3 (Groundball, 13S, EV 73.1 MPH)
|
|
Batting: LHB Bryce Hill
|
0-0: Ball 1-0: Fly out, F8 (Flyball, 8RD, EV 94.4 MPH)
|
|
Batting: RHB Chris Lane
|
0-0: Called Strike 0-1: Fly out, F7 (Line Drive, 78S, EV 90.0 MPH)
|
| Bottom of the 5th over - 0 runs, 0 hits, 0 errors, 0 left on base; Baltimore 1 - Houston 2 |
| TOP OF THE 6TH |
|
Baltimore Orioles batting - Pitching for Houston Astros : LHP Brian Thomas
|
|
Batting: RHB Saimei Kudo
|
0-0: Ball 1-0: Foul Ball, location: 2F 1-1: Ball 2-1: Foul Ball, location: 2F 2-2: Foul Ball, location: 2F 2-2: Foul Ball, location: 2F 2-2: Foul Ball, location: 2F 2-2: Foul Ball, location: 2F 2-2: Strikes out swinging
|
|
Batting: RHB Marc Peckermark
|
0-0: SINGLE (Line Drive, 78S, EV 89.4 MPH)
|
|
Batting: RHB Muneer Maudad
|
0-0: Ball 1-0: Ball 2-0: Called Strike 2-1: Foul Ball, location: 2F 2-2: Fly out, F8 (Flyball, 89D, EV 89.4 MPH)
|
|
Batting: LHB Paul Diaz
|
0-0: Ball 1-0: Fly out, F8 (Line Drive, 8LD, EV 93.1 MPH)
|
| Top of the 6th over - 0 runs, 1 hit, 0 errors, 1 left on base; Baltimore 1 - Houston 2 |
| BOTTOM OF THE 6TH |
|
Houston Astros batting - Pitching for Baltimore Orioles : RHP Jay Rapini
|
|
Batting: SHB Joe Gardner
|
0-0: Ball 1-0: SINGLE (Flyball, 8LS, EV 93.1 MPH)
|
|
Batting: LHB Zack Berney
|
0-0: Called Strike 0-1: Ball 1-1: Ball Joe Gardner steals 2nd base 2-1: Foul Ball, location: 2F 2-2: Ball 3-2: Ground out 4-3 (Groundball, 4, EV 82.5 MPH) Joe Gardner to third
|
|
Batting: RHB Jeremy Trump
|
0-0: Ball 1-0: Called Strike 1-1: Swinging Strike 1-2: Ball 2-2: Strikes out swinging
|
|
Batting: RHB Antonio Aranda
|
0-0: Ball 1-0: SINGLE (Groundball, P, EV 86.9 MPH) (infield hit) Joe Gardner scores
|
|
Batting: RHB Chang-wei Jiang
|
0-0: Swinging Strike 0-1: Foul Ball, location: 2F 0-2: Strikes out swinging
|
| Bottom of the 6th over - 1 run, 2 hits, 0 errors, 1 left on base; Baltimore 1 - Houston 3 |
| TOP OF THE 7TH |
|
Baltimore Orioles batting - Pitching for Houston Astros : LHP Brian Thomas
|
|
Batting: RHB Jesse Basich
|
0-0: Ball 1-0: SINGLE (Flyball, 8RS, EV 91.9 MPH)
|
|
Batting: RHB Kory Sanchez
|
0-0: Ball 1-0: Fly out, F9 (Flyball, 89D, EV 98.1 MPH)
|
|
Batting: RHB Blake Ballard
|
0-0: Ball Jesse Basich steals 2nd base (no throw) 1-0: Ball 2-0: Called Strike 2-1: Foul Ball, location: 2F 2-2: Ball 3-2: Base on Balls
|
|
Batting: LHB Gabe Pace
|
0-0: Called Strike 0-1: Ball 1-1: Foul Ball, location: 2F 1-2: Strikes out swinging
|
|
Pitching: LHP Chad Dominey
|
|
|
Batting: RHB Rudo Garciaparra
|
0-0: Swinging Strike 0-1: Ball 1-1: Ball 2-1: Swinging Strike 2-2: SINGLE (Groundball, 5S, EV 71.2 MPH) (infield hit) Jesse Basich to third Blake Ballard to second
|
|
Batting: RHB Saimei Kudo
|
0-0: Ball 1-0: Ball 2-0: Ball 3-0: Base on Balls Jesse Basich scores Blake Ballard to third Rudo Garciaparra to second
|
|
Batting: RHB Marc Peckermark
|
0-0: Fly out, F9 (Flyball, 89S, EV 92.5 MPH)
|
| Top of the 7th over - 1 run, 2 hits, 0 errors, 3 left on base; Baltimore 2 - Houston 3 |
| BOTTOM OF THE 7TH |
|
Houston Astros batting - Pitching for Baltimore Orioles : RHP Jay Rapini
|
|
Pitching: RHP Terry Huffmaster
|
|
|
Batting: SHB Troy Kenyon
|
0-0: Ball 1-0: Called Strike 1-1: Fly out, F7 (Flyball, 7, EV 76.9 MPH)
|
|
Batting: RHB Matt Thompson
|
0-0: Swinging Strike 0-1: Called Strike 0-2: Ball 1-2: SINGLE (Groundball, 6S, EV 73.8 MPH) (infield hit)
|
|
Batting: LHB Bryce Hill
|
0-0: Ball 1-0: Foul Ball, location: 2F 1-1: Swinging Strike 1-2: Strikes out swinging
|
|
Batting: RHB Chris Lane
|
0-0: Ball 1-0: Ball 2-0: Ground out 1-3 (Groundball, 34S, EV 66.9 MPH)
|
| Bottom of the 7th over - 0 runs, 1 hit, 0 errors, 1 left on base; Baltimore 2 - Houston 3 |
| TOP OF THE 8TH |
|
Baltimore Orioles batting - Pitching for Houston Astros : LHP Chad Dominey
|
|
Pitching: RHP Kyle McPeak
|
|
|
Batting: RHB Muneer Maudad
|
0-0: Ball 1-0: SINGLE (Groundball, 34D, EV 106.2 MPH)
|
|
Batting: LHB Paul Diaz
|
0-0: SINGLE (Groundball, 4MD, EV 96.9 MPH) Muneer Maudad to second
|
|
Pinch Hitting: SHB Jason Hayes
|
0-0: Ball 1-0: Ball 2-0: Ball 3-0: Base on Balls Muneer Maudad to third Paul Diaz to second
|
|
Batting: RHB Kory Sanchez
|
0-0: Called Strike 0-1: Ball 1-1: SINGLE (Groundball, 4MD, EV 108.1 MPH) Muneer Maudad scores Paul Diaz to third Jason Hayes to second Runner from 3rd tries for Home, SAFE, throw by CF to home
|
|
Batting: RHB Blake Ballard
|
0-0: Sac Bunt to 13S - play at first, batter OUT! 1-4 Jason Hayes to third Kory Sanchez to second
|
|
Batting: LHB Gabe Pace
|
0-0: Ball 1-0: Ball 2-0: Foul Ball, location: 2F 2-1: Fly out, F8 (Line Drive, 8RM, EV 93.8 MPH)
|
|
Batting: RHB Rudo Garciaparra
|
0-0: Ground out 6-3 (Groundball, 6, EV 101.9 MPH)
|
| Top of the 8th over - 2 runs, 3 hits, 0 errors, 2 left on base; Baltimore 4 - Houston 3 |
| BOTTOM OF THE 8TH |
|
Houston Astros batting - Pitching for Baltimore Orioles : RHP Terry Huffmaster
|
|
Now at 1B: Jason Hayes
|
|
|
Now at 2B: Paul Diaz
|
|
|
Now at 3B: Andres Leon
|
|
|
Now in LF: Gabe Pace
|
|
|
Now in RF: Blake Ballard
|
|
|
Batting: SHB Joe Gardner
|
0-0: Ball 1-0: Ball 2-0: Called Strike 2-1: Foul Ball, location: 2F 2-2: Fly out, F7 (Line Drive, 7LM, EV 106.9 MPH)
|
|
Batting: LHB Zack Berney
|
0-0: Ball 1-0: SINGLE (Line Drive, 34D, EV 103.1 MPH)
|
|
Batting: RHB Jeremy Trump
|
0-0: Ball 1-0: Called Strike 1-1: Ball 2-1: Ball 3-1: Base on Balls Zack Berney to second
|
|
Pinch Hitting: LHB Bob Myers
|
0-0: Ball 1-0: Fielders Choice at 2nd, 3-6 (Groundball, 34, EV 86.9 MPH) Zack Berney to third
|
|
Batting: RHB Chang-wei Jiang
|
0-0: Ball 1-0: Ground out 4-3 (Groundball, 4, EV 90.0 MPH)
|
| Bottom of the 8th over - 0 runs, 1 hit, 0 errors, 2 left on base; Baltimore 4 - Houston 3 |
| TOP OF THE 9TH |
|
Baltimore Orioles batting - Pitching for Houston Astros : RHP Kyle McPeak
|
|
Pitching: LHP Mat Pear
|
|
|
Now in RF: Bob Myers
|
|
|
Batting: RHB Saimei Kudo
|
0-0: Foul Ball, location: 2F 0-1: Ball 1-1: Foul Ball, location: 2F 1-2: Foul Ball, location: 2F 1-2: Foul Ball, location: 2F 1-2: Foul Ball, location: 2F 1-2: Strikes out looking
|
|
Batting: RHB Marc Peckermark
|
0-0: Ball 1-0: Ball 2-0: Ball 3-0: SOLO HOME RUN (Flyball, 9D, EV 99.4 MPH), Distance : 390 ft
|
|
Batting: RHB Andres Leon
|
0-0: Swinging Strike 0-1: Ball 1-1: Ball 2-1: Ball 3-1: Called Strike 3-2: Base on Balls
|
|
Batting: LHB Paul Diaz
|
0-0: Foul Ball, location: 2F 0-1: Ball 1-1: SINGLE (Flyball, 4MD, EV 90.0 MPH) Andres Leon to second
|
|
Batting: SHB Jason Hayes
|
0-0: Ball 1-0: Fly out, F9 (Flyball, 9, EV 89.4 MPH)
|
|
Batting: RHB Kory Sanchez
|
0-0: Ball 1-0: Swinging Strike 1-1: Ground out 6-3 (Groundball, P, EV 80.0 MPH)
|
| Top of the 9th over - 1 run, 2 hits, 0 errors, 2 left on base; Baltimore 5 - Houston 3 |
| BOTTOM OF THE 9TH |
|
Houston Astros batting - Pitching for Baltimore Orioles : RHP Terry Huffmaster
|
|
Pitching: RHP Riso Profanter
|
|
|
Batting: SHB Troy Kenyon
|
0-0: Called Strike 0-1: Swinging Strike 0-2: Ball 1-2: Ball 2-2: Strikes out looking
|
|
Batting: RHB Matt Thompson
|
0-0: Ball 1-0: Called Strike 1-1: Ball 2-1: Foul Ball, location: 2F 2-2: Foul Ball, location: 2F 2-2: Strikes out looking
|
|
Batting: LHB Bryce Hill
|
0-0: Called Strike 0-1: Ball 1-1: Foul Ball, location: 2F 1-2: Ball 2-2: Strikes out swinging
|
| Bottom of the 9th over - 0 runs, 0 hits, 0 errors, 0 left on base; Baltimore 5 - Houston 3 |
|